 Dungeon Crawl Stone Soup version 0.30.1-11-g7821555f0a (webtiles) character file.

Game seed: 12659287620173291009

0 Nonny the Covered (level 1, -2/14 HPs)
             Began as a Tengu Fighter on Nov 10, 2023.
             Frozen to death by an endoplasm (5 damage)
             ... on level 2 of the Dungeon.
             The game lasted 00:00:47 (61 turns).

Nonny the Covered (Tengu Fighter)                     Turns: 61, Time: 00:00:47

Health: -2/14      AC:  6    Str: 16    XL:     1   Next: 10%
Magic:  2/2        EV:  8    Int:  8    God:
Gold:   0          SH:  4    Dex: 13    Spells: 0/0 levels left

rFire   . . .        a - +0 long sword
rCold   . . .        c - +0 buckler
rNeg    . . .        b - +0 scale mail
rPois   .            (helmet restricted)
rElec   .            (no cloak)
rCorr   .            (no gloves)
SInv    .            (boots unavailable)
Will    .....        (no amulet) Stlth
                     (no ring)
HPRegen 0.22/turn    (no ring)
MPRegen 0.08/turn

%: no passive effects
@: no status effects
A: beak, talons 3
a: no special abilities


You were on level 2 of the Dungeon.
You visited 1 branch of the dungeon, and saw 2 of its levels.

Inventory:

Hand Weapons
 a - a +0 long sword (weapon)
Armour
 b - a +0 scale mail (worn)
 c - a +0 buckler (worn)
Scrolls
 e - a scroll of noise {unknown}
Potions
 d - a potion of might


   Skills:
 + Level 3.0 Fighting
 + Level 2.1 Long Blades
 + Level 3.3 Armour
 + Level 3.0 Shields


You couldn't memorise any spells.
You didn't know any spells.
Your spell library was empty.

Dungeon Overview and Level Annotations

Branches:
Dungeon (2/15)

Altars:


Innate Abilities, Weirdness & Mutations

You have a beak for a mouth.
You have claws for feet.


Message History

Press ? for a list of commands and other information.
Found a staircase leading out of the dungeon.
Found a whip.
Found an escape hatch in the floor.
You see here a +0 whip.
A bat comes into view.
The bat hits you but does no damage. The bat barely misses you.
The bat closely misses you.
You slash the bat!
You kill the bat!
Your movement speed is average.
Your attack delay is about 1.3.
Your damage rating with your +0 long sword is about 11 (Base 10 x 107% (Dex) x 109% (Skill)).
There is an escape hatch in the floor here.
You slide downwards.
The hatch slams shut behind you.
The jackal barks! x2
The endoplasm quivers.
Found 16 gold pieces, a scroll labelled BESMOVVIECK and a coppery potion.
Enter note: Downhatch by dungeon entrance/exit leads to here.
You see here a scroll labelled BESMOVVIECK.
e - a scroll labelled BESMOVVIECK The jackal completely misses you.
The jackal bites you but does no damage.
You closely miss the jackal. You barely miss the jackal.
Your peck misses the jackal. The jackal bites you.
The jackal bites you but does no damage.
The jackal bites you.
You hit the jackal. You claw the jackal, but do no damage.
The jackal is heavily wounded.
You block the jackal's attack. The endoplasm hits you.
The jackal barely misses you. The jackal closely misses you.
The endoplasm freezes you.
You are frozen.
* * * LOW HITPOINT WARNING * * *
You slash the jackal!
You kill the jackal!
The jackal closely misses you. The jackal barely misses you.
The endoplasm freezes you.
You are frozen.
You die...

#############
#.....!.....#
#...........#
##.....†@....#
.......hJ....#
.............#
$.++.....#####
#.....#
#.....#
+$....#
#.....#
#######


You could see an endoplasm and a jackal.

Vanquished Creatures
  A jackal (D:2)
  A bat (D:1)
2 creatures vanquished.

Notes
Turn   | Place    | Note
-------+----------+-------------------------------------------
     0 | D:1      | Nonny the Tengu Fighter began the quest for the Orb.
     0 | D:1      | Reached XP level 1. HP: 14/14 MP: 2/2
    56 | D:2      | Downhatch by dungeon entrance/exit leads to here.
    61 | D:2      | Frozen to death by an endoplasm

Illustrated notes

#############
#.....!.....#
#.h..h......#
##......?....#
........@....#
.............#
$.++.....#####
#.....#
#..J..#
+$....#
#.....#
#######


Turn 56 on D:2: Downhatch by dungeon entrance/exit leads to here.

Levels and vault maps discovered:
D:1:      minmay_arrival_jagged, layout_loops_cross,
          shapermc_ecumenical_altar_pompeii
D:2:      layout_basic

Action                     || total
---------------------------++-------
  Melee: Long sword        ||     5
         Kick              ||     1
 Armour: Scale mail        ||     3
  Dodge: Dodged            ||     7
  Block: Buckler           ||     1
